Map: Kairos Junction LE

Players

TiPtOP - Winner!

  • Race: Terran Terran
  • Spawn Location: 11:00

VOD

Have the link to the VOD?

Description

Time

  • Played on: Aug. 12, 2019, 9:18 a.m.
  • Length: 15:32
Show
View Real Time Build Order
Export as new Build Order

TiPtOP Terran - Winner!

Build Orders:  

Get SALT Encoding   

  12  0:01  SCV  
  13  0:18  SCV  
  14  0:26  Supply Depot  
  14  0:36  SCV  
  15  0:56  SCV  
  16  1:01  Barracks  
  16  1:13  SCV  
  16  1:14  Refinery  
  17  1:30  SCV  
  18  1:48  SCV  
  19  2:12  Command Center  
  19  2:16  Supply Depot  
  19  2:20  SCV  
  19  2:26  Barracks Reactor  
  20  2:42  Orbital Command  
  20  3:01  Barracks  
  20  3:18  SCV  
  21  3:25  Marine x2  
  23  3:48  Barracks  
  23  3:52  Marine x2  
  23  3:59  SCV  
  26  4:01  SCV  
  27  4:11  Barracks Tech Lab  
  27  4:15  Supply Depot  
  27  4:16  SCV  
  27  4:18  Marine  
  29  4:22  SCV  
  30  4:33  SCV  
  30  4:39  SCV  
  30  4:50  SCV  
  32  4:56  SCV  
  32  4:57  Supply Depot  
  32  4:58  Marauder  
  32  4:59  Marine x2  
  38  5:00  Barracks Reactor  
  38  5:14  Factory  
  38  5:21  SCV  
  38  5:22  Refinery  
  38  5:27  Orbital Command  
  39  5:38  SCV  
  40  5:55  SCV  
  40  5:59  Marine x4  
  45  6:00  Marauder  
  45  6:02  Stimpack  
  47  6:34  Marine x3  
  47  6:35  Marine, Marauder  
  53  6:43  Starport  
  53  7:02  Supply Depot  
  53  7:05  Marauder  
  53  7:08  Marine  
  53  7:09  Marine x3  
  59  7:13  Factory Reactor  
  59  7:33  Supply Depot  
  59  7:35  Marauder  
  59  7:37  Marine  
  59  7:38  Marine x3  
  64  8:00  Engineering Bay  
  64  8:02  Marine x2  
  64  8:05  Marauder  
  68  8:13  Supply Depot  
  68  8:32  Factory Tech Lab  
  68  8:34  Marine  
  68  8:35  Marine x3, Marauder  
  74  8:43  Medivac x2  
  74  8:45  Supply Depot  
  78  8:59  Marine x2  
  78  9:04  Siege Tank  
  78  9:05  Marauder  
  84  9:16  Supply Depot  
  84  9:27  Unknown  
  84  9:32  Terran Infantry Weapons Level 1  
  80  9:53  Supply Depot  
  80  10:18  Siege Tank  
  83  10:22  Medivac  
  83  10:24  Marine x2  
  83  10:25  Marine x2  
  83  10:26  Marauder  
  91  10:49  Refinery  
  91  10:50  SCV  
  91  10:51  SCV  
  91  10:52  Refinery  
  93  11:07  SCV  
  93  11:08  SCV  
  95  11:21  Siege Tank  
  98  11:33  Marine  
  98  11:34  Marine x3, Marauder  
  98  11:37  Concussive Shells  
  104  11:53  SCV  
  104  11:54  SCV  
  106  12:10  SCV  
  106  12:11  SCV  
  106  12:12  Terran Infantry Armor Level 1  
  106  12:14  Siege Tank x2  
  106  12:15  Marine  
  106  12:16  Marine  
  110  12:31  Supply Depot  
  110  12:46  Marine  
  110  12:48  Marine  
  110  12:50  Marine  
  110  12:56  Siege Tank  
  110  12:58  Siege Tank  
  110  13:01  Siege Tank, Marauder, Supply Depot  
  115  13:30  Marauder  
  115  13:32  Siege Tank  
  115  13:35  Siege Tank  
  115  13:37  Supply Depot  
  117  14:02  Siege Tank  
  117  14:04  Siege Tank, Marine x2  
  117  14:05  Marine, Marauder  
  117  14:06  Marine  
  117  14:08  Siege Tank, Supply Depot  
  126  14:29  Marine  
  127  14:31  Siege Tank  
  125  14:42  Siege Tank x2  
  128  15:14  Supply Depot  
Tags
 
Add a new tag
Caveats
  • Supply blocks, unpowered buildings, or Contaminate may cause inaccurate times.
  • Supply counts are checked every 10 seconds.